 Dungeon Crawl Stone Soup version 0.30-a0-989-g0d87f670db (webtiles) character file.

Game seed: 4410879817625591455

232 dolemite99 the Cleaver (level 6, -6/50 HPs)
             Began as a Hill Orc Reaver on Apr 3, 2023.
             Mangled by an ogre
             ... wielding a +0 giant spiked club
              (29 damage)
             ... on level 4 of the Dungeon.
             The game lasted 00:04:51 (4091 turns).

dolemite99 the Cleaver (Hill Orc Reaver)            Turns: 4091, Time: 00:04:52

Health: -6/50      AC:  7    Str: 17    XL:     6   Next: 4%
Magic:  8/8        EV:  9    Int: 13    God:
Gold:   192        SH:  0    Dex:  9    Spells: 7/8 levels left

rFire   . . .      SeeInvis .    a - +0 hand axe
rCold   . . .      Faith    .    (no shield)
rNeg    . . .      Spirit   .    g - +0 scale mail
rPois   .          Reflect  .    (no helmet)
rElec   .          Rampage  .    (no cloak)
rCorr   .                        o - +0 pair of gloves
Will    .....                    (no boots) Stlth
                                 (no amulet)
HPRegen 0.28/turn                (no ring)
MPRegen 0.11/turn                (no ring)

@: no status effects
A: no striking features
a: no special abilities


You were on level 4 of the Dungeon.
You visited 1 branch of the dungeon, and saw 4 of its levels.

You collected 192 gold pieces.

Inventory:

Hand Weapons
 a - a +0 hand axe (weapon)
 c - a +0 flail
 r - a +0 flail
Missiles
 h - a throwing net (quivered)
Armour
 b - a +0 leather armour
 e - a +0 ring mail
 g - a +0 scale mail (worn)
 o - a +0 pair of gloves (worn)
Scrolls
 j - a scroll of amnesia
 n - a scroll of fear
Potions
 d - a potion of attraction
 f - 2 potions of mutation {unknown}
 k - a potion of flight {unknown}
 l - a potion of magic {unknown}
 m - 2 potions of ambrosia
 p - a potion of heal wounds {unknown}
 q - a potion of curing {unknown}
 s - a potion of lignification {unknown}


   Skills:
 - Level 2.4 Fighting
 + Level 8.6 Axes
 - Level 1.5 Dodging
 - Level 1.5 Spellcasting
 - Level 3.0 Conjurations


You had 7 spell levels left.
You knew the following spells:

 Your Spells              Type           Power      Damage    Failure   Level
a - Kiss of Death         Conj/Necr      16%        2d6       47%         1

Your spell library contained the following spells:

 Spells                   Type           Power      Damage    Failure   Level
 Momentum Strike          Conj/Tloc      8%         3d8       63%         2
 Lesser Beckoning         Tloc           2%         N/A       83%         2
 Hailstorm                Conj/Ice       4%         3d4       85%         3
 Gell's Gravitas          Tloc           1%         N/A       96%         3
 Inner Flame              Hex/Fire       1%         N/A       96%         3
 Teleport Other           Tloc           1%         N/A       96%         3
 Flame Wave               Conj/Fire      4%         2d5       99%         4
 Sticky Flame             Conj/Fire      4%         2d3       99%         4


Dungeon Overview and Level Annotations

Branches:
Dungeon (4/15)
 Temple: D:4-7

Altars:
Uskayaw


Message History

The bullfrog barely misses you. The bullfrog hits you.
You miss the bullfrog.
The bullfrog is almost dead.
The bullfrog hits you.
You closely miss the bullfrog.
The bullfrog is almost dead.
The bullfrog hits you but does no damage.
You slash the bullfrog!
You kill the bullfrog!
Your Axes skill increases to level 8!
You have reached level 6!
You start resting.
HP restored.
You start waiting.
Done waiting.
You see here a bullfrog corpse.
You now have 169 gold pieces (gained 17).
You now have 182 gold pieces (gained 13).
There is a shaft here.
The ogre shouts!
You hear a shout!
You see here 10 gold pieces.
You now have 192 gold pieces (gained 10).
The ogre attacks as you move away! The ogre barely misses you.
You hit the ogre but do no damage.
The ogre hits you with a +0 giant spiked club!
You hit the ogre.
The ogre is lightly wounded.
You slash the ogre!
The ogre is heavily wounded.
The ogre hits you with a +0 giant spiked club!!
You hit the ogre.
The ogre is heavily wounded.
The ogre barely misses you.
You hit the ogre.
The ogre is severely wounded.
You barely miss the ogre. Your punch misses the ogre.
The ogre is severely wounded.
The ogre hits you with a +0 giant spiked club!!
Ouch! That really hurt!
You die...

.##.....##..##........#
............##...##...#
.##.....##..##.†.######
.##.....##.......##..##
.##...................#
.+....................#
.##..##+###.###..##...#
.##.. #+# #..##...#
.##.. #.@.....# .>#
#.O.....# ..+ #.......#
..# #.....^.# ###
#..##..## # #..##..#
.............#
.............+
........##..##


You could see an ogre.

Vanquished Creatures
  A bullfrog (D:4)
  An orc wizard (D:4)
  5 gnolls
  3 adders
  3 orcs (D:4)
  6 endoplasms (D:2)
  4 giant cockroaches
  5 goblins
  7 hobgoblins
  3 jackals (D:2)
  4 kobolds
  3 quokkas
  5 ball pythons
  5 bats
  2 frilled lizards (D:1)
  6 rats
63 creatures vanquished.

Vanquished Creatures (others)
  13 plants (D:3)
13 creatures vanquished.

Grand Total: 76 creatures vanquished

Notes
Turn   | Place    | Note
-------+----------+-------------------------------------------
     0 | D:1      | dolemite99 the Hill Orc Reaver began the quest for the Orb.
     0 | D:1      | Reached XP level 1. HP: 18/18 MP: 3/3
    36 | D:1      | Reached XP level 2. HP: 18/25 MP: 2/4
   321 | D:1      | Reached skill level 5 in Axes
  1074 | D:1      | Reached XP level 3. HP: 30/30 MP: 5/5
  1657 | D:2      | Reached skill level 6 in Axes
  1958 | D:2      | Reached XP level 4. HP: 37/37 MP: 6/6
  2851 | D:2      | Reached skill level 7 in Axes
  3122 | D:3      | Reached XP level 5. HP: 13/42 MP: 7/7
  3576 | D:3      | Found a hide-covered altar of Uskayaw.
  3743 | D:4      | Noticed an ogre
  3888 | D:4      | Reached skill level 8 in Axes
  3888 | D:4      | Reached XP level 6. HP: 30/50 MP: 8/8
  4091 | D:4      | Mangled by an ogre

Illustrated notes

Levels and vault maps discovered:
D:1:      nagdon_arrival_zigzag_paths, layout_loops_ring
D:2:      minmay_evil_eye, layout_loops_corners, grunt_ministairs_7
D:3:      minmay_wonky_spiral, layout_loops_ring,
          grunt_temple_overflow_lords_of_destruction,
          eat_drink_and_be_merry_uskayaw, serial_bayou_pond_c, uniq_ijyb
D:4:      layout_gridville, chequers_serial_rivers_room_b

Skill      XL: |  1  2  3  4  5 |
---------------+----------------+-----
Axes           | 5 6 7 8 |  8.6
Fighting       | |  2.4
Dodging        | |  1.5
Spellcasting   | |  1.5
Conjurations   | |  3.0

Action                     |  1- 3 |  4- 6 || total
---------------------------+-------+-------++-------
  Melee: Hand axe          |   131 |   110 ||   241
  Throw: Dart              |     4 |       ||     4
   Cast: Kiss of Death     |     1 |       ||     1
    Use: Scroll            |       |     9 ||     9
         Potion            |       |     1 ||     1
 Armour: Leather armour    |    13 |       ||    13
         Scale mail        |    24 |    54 ||    78
  Dodge: Dodged            |    74 |    57 ||   131

Table legend: (Time is in decaauts)
 A = Elapsed time spent in this place.
 B = Non-inter-level travel time spent in this place.
 C = Inter-level travel time spent in this place.
 D = Time resting spent in this place.
 E = Time spent auto-exploring this place.
 F = Levels seen in this place.
 G = Mean time per level.
                   A        B        C        D        E       F      G
               +--------+--------+--------+--------+--------+-----+--------+
         Total |   4093 |   4054 |     39 |   1744 |   1556 |   4 | 1023.2 |
       Dungeon |   4093 |   4054 |     39 |   1744 |   1556 |   4 | 1023.2 |
               +--------+--------+--------+--------+--------+-----+--------+

Top non-repeatable levels by time:
     D:2: 1568 daAuts
     D:1: 1448 daAuts
     D:3: 657 daAuts
     D:4: 419 daAuts
